 Dungeon Crawl Stone Soup version 0.20-a0-463-g5747544 (webtiles) character file.

5952 mopl the Martial Artist (level 10, -25/80 HPs)
             Began as a Barachian Transmuter on Jan 10, 2017.
             Was a Believer of Cheibriados.
             Annihilated by a death yak (29 damage)
             ... on level 8 of the Dungeon.
             The game lasted 00:22:54 (10103 turns).

mopl the Martial Artist (Barachian Transmuter)     Turns: 10103, Time: 00:22:55

Health: -25/80     AC:  2    Str: 13    XL:     10   Next: 84%
Magic:  16/16      EV: 28    Int: 21    God:    Cheibriados [**....]
Gold:   525        SH:  0    Dex: 21    Spells: 2/17 levels left

rFire  . . .     SeeInvis .       - Unarmed
rCold  . . .     Gourm    .     (armour currently unavailable)
rNeg   . . .     Faith    .     (shield currently unavailable)
rPois  x         Spirit   .     (helmet currently unavailable)
rElec  .         Reflect  .     (cloak currently unavailable)
rCorr  +         Harm     .     (gloves currently unavailable)
MR     .....                    (boots currently unavailable)
Stlth  ++........               H - amulet of regeneration
                                T - +3 ring of intelligence
                                u - ring of resist corrosion

@: spider-form (expiring), very slow
A: swims, (slowness 0), (strong legs 0)
a: End Transformation, Bend Time, Renounce Religion


You were on level 8 of the Dungeon.
You worshipped Cheibriados.
Cheibriados was pleased with you.
You were hungry.
You were a venomous arachnid creature.
You visited 2 branches of the dungeon, and saw 10 of its levels.
You also visited: Ossuary.

You collected 525 gold pieces.

Inventory:

Hand Weapons
 n - a +2 dagger of venom
 U - a +1 whip of electrocution
Missiles
 a - 194 arrows
 g - 57 poisoned needles
 i - 35 tomahawks (quivered)
 x - a throwing net
 C - 9 tomahawks of returning
 D - 5 steel tomahawks
 J - 7 curare-tipped needles
Armour
 q - a +1 buckler of protection
 E - a +0 crystal plate armour
 S - the +2 leather armour of the Abyss (melded) {MR+}
   (You found it on level 7 of the Dungeon)

   It affects your resistance to hostile enchantments.
Jewellery
 u - a ring of resist corrosion (left front leg)
 y - an uncursed amulet of guardian spirit
 H - an amulet of regeneration (around neck)
 T - a +3 ring of intelligence (right front leg)
Wands
 w - a wand of enslavement (12/24)
 G - a wand of clouds (6/9)
 K - a wand of lightning (9/15)
 N - a wand of flame (9/48)
 P - a wand of polymorph (11/24)
 R - a wand of digging (18/24)
Scrolls
 b - a scroll of enchant weapon {unknown}
 e - a scroll of recharging {unknown}
 l - 5 scrolls of remove curse
 o - a scroll of fog {unknown}
 v - a scroll of magic mapping {unknown}
 A - 2 scrolls of torment {unknown}
 F - a scroll of vulnerability {unknown}
 I - a scroll of blinking {unknown}
 O - 3 scrolls of teleportation
 Q - a scroll of enchant armour {unknown}
Potions
 h - 6 potions of curing
 j - 2 potions of haste
 k - 2 potions of flight
 p - 2 potions of agility
 s - 2 potions of might
 t - a potion of magic
 z - 3 potions of lignification {unknown}
 B - 2 potions of heal wounds
Books
 c - a book of Changes

   Spells                             Type                      Level
   a - Beastly Appendage              Transmutation                1
   b - Sticks to Snakes               Transmutation                2
   c - Spider Form                    Transmutation/Poison         3
   d - Ice Form                       Ice/Transmutation            4
   e - Blade Hands                    Transmutation                5
 L - a book of Conjurations

   Spells                             Type                      Level
   a - Magic Dart                     Conjuration                  1
   b - Searing Ray                    Conjuration                  2
   c - Dazzling Spray                 Conjuration/Hexes            3
   d - Fulminant Prism                Conjuration/Hexes            4
   e - Iskenderun's Mystic Blast      Conjuration                  4
   f - Iskenderun's Battlesphere      Conjuration/Charms           5
 M - a book of Debilitation

   Spells                             Type                      Level
   a - Corona                         Hexes                        1
   b - Slow                           Hexes                        2
   c - Gell's Gravitas                Hexes/Translocation          3
   d - Inner Flame                    Hexes/Fire                   3
   e - Cause Fear                     Hexes                        4
   f - Leda's Liquefaction            Hexes/Earth                  4
Comestibles
 d - 7 bread rations
 m - 5 meat rations
 r - a fruit


   Skills:
 + Level 7.8 Fighting
 + Level 7.6 Dodging
 + Level 11.4 Unarmed Combat
 - Level 4.0 Spellcasting
 + Level 6.2 Transmutations
 - Level 3.0 Ice Magic
 - Level 2.0 Poison Magic
 + Level 3.2 Invocations


You had 2 spell levels left.
You knew the following spells:

 Your Spells              Type           Power        Failure   Level  Hunger
a - Beastly Appendage     Tmut           ####..       4%          1    None
b - Spider Form           Tmut/Pois      ###.......   24%         3    ###....
c - Blade Hands           Tmut           ####......   50%         5    ######.
d - Ice Form              Ice/Tmut       ###.....     41%         4    ####...
w - Sticks to Snakes      Tmut           ####....     6%          2    #......


Dungeon Overview and Level Annotations

Branches:
Dungeon (9/15)             Temple (1/1) D:7            Lair (0/6) D:9
    Orc: D:9-12

Altars:
Ashenzari
Cheibriados
Dithmenos
Fedhas
Gozag
Kikubaaqudgha
Makhleb
Nemelex Xobeh
Qazlal
Ru
Trog
Uskayaw
The Shining One


Innate Abilities, Weirdness & Mutations

You can swim through water.
((You cover ground slowly.))
((You can hop short distances.))


Message History

* * * LOW HITPOINT WARNING * * *
The death yak completely misses you.
You feel much better. The death yak misses you.
You bite the death yak!
The death yak looks as sick as possible!
The death yak is severely wounded.
The death yak misses you.
You hit the death yak but do no damage.
The death yak looks as sick as possible!
The death yak is severely wounded.
You hit the death yak but do no damage.
The death yak looks as sick as possible!
The death yak is severely wounded.
The death yak gores you!!
* * * LOW HITPOINT WARNING * * *
The death yak snorts and paws the ground.
The death yak completely misses you.
Your transformation is almost over.
The death yak gores you!!
You die...

##################
.......##........#
.#####.##.######.#
.#...........###.#####
.#.###..#.##.)..sY...#
..........######.###.#
...##.....######.# #.#
....##...........# #.#
.##.###.########## #.#
.##.# #.# #.# .##.#
#.# ##.## ....###'##
#.<># .#####...##
#..##


You could see a death yak.

Vanquished Creatures
  2 death yaks (D:8)
  A wolf spider zombie (D:9)
  A yak (D:9)
  Duvessa (D:4)
  3 orc warriors (D:7)
  2 sky beasts
  5 ogres
  4 centaurs
  A big kobold (D:8)
  Dowan (D:4)
  A bullfrog (D:8)
  A scorpion (D:5)
  6 killer bees
  5 wights
  A crimson imp (D:7)
  3 howler monkeys
  A centaur zombie (D:9)
  A quasit (D:9)
  5 hounds
  A centaur skeleton (D:6)
  2 orc priests
  2 jellies (D:8)
  4 orc wizards
  A human zombie (Ossuary)
  2 iguanas (D:5)
  Terence (D:2)
  7 worker ants
  4 big kobold zombies (Ossuary)
  A hound zombie (D:7)
  A howler monkey zombie (D:9)
  3 mummies
  4 gnolls (D:6)
  7 adders
  4 shadow imps (D:9)
  5 oozes
  3 adder zombies
  3 worms
  2 dart slugs
  4 leopard geckos
  42 orcs
  8 giant cockroaches
  6 goblins
  9 hobgoblins
  5 jackals
  9 kobolds
  5 quokkas
  A ball python (D:2)
  14 bats
  2 frilled lizards (D:5)
  A goblin zombie (Ossuary)
  14 hobgoblin zombies (Ossuary)
  A jackal skeleton (D:5)
  3 jackal zombies (Ossuary)
  7 kobold zombies (Ossuary)
  A leopard gecko skeleton (D:4)
  5 orc zombies (Ossuary)
  A quokka skeleton (D:4)
  8 rats
248 creatures vanquished.

Notes
Turn   | Place    | Note
-------+----------+-------------------------------------------
     0 | D:1      | mopl the Barachian Transmuter began the quest for the Orb.
     0 | D:1      | Reached XP level 1. HP: 15/15 MP: 3/3
   176 | D:1      | Reached XP level 2. HP: 5/21 MP: 5/5
   180 | D:1      | Learned a level 2 spell: Sticks to Snakes
   897 | D:1      | Reached XP level 3. HP: 22/26 MP: 4/6
   902 | D:1      | Learned a level 3 spell: Spider Form
  1635 | D:2      | Reached skill level 4 in Unarmed Combat
  1695 | D:2      | Noticed Terence
  1704 | D:2      | Killed Terence
  1704 | D:2      | Reached skill level 1 in Poison Magic
  1704 | D:2      | Reached XP level 4. HP: 25/32 MP: 0/7
  2314 | D:3      | Reached skill level 3 in Transmutations
  2314 | D:3      | Reached XP level 5. HP: 29/37 MP: 4/8
  2344 | D:3      | Reached skill level 2 in Poison Magic
  2712 | D:3      | Noticed an ogre
  2723 | D:3      | Killed an ogre
  2723 | D:3      | Reached skill level 5 in Unarmed Combat
  2723 | D:3      | Reached XP level 6. HP: 13/43 MP: 3/9
  3689 | D:4      | Noticed Duvessa
  3689 | D:4      | Noticed Dowan
  3708 | D:4      | Killed Duvessa
  3708 | D:4      | Reached skill level 4 in Transmutations
  3802 | D:4      | Killed Dowan
  3802 | D:4      | Reached skill level 6 in Unarmed Combat
  3802 | D:4      | Reached XP level 7. HP: 40/48 MP: 7/10
  4502 | D:5      | Entered Level 5 of the Dungeon
  4508 | D:5      | Learned a level 4 spell: Ice Form
  4522 | D:5      | Reached skill level 3 in Spellcasting
  4566 | D:5      | Found a sand-covered staircase.
  4579 | Ossuary  | Entered an ossuary
  4846 | Ossuary  | Reached skill level 1 in Ice Magic
  5444 | D:5      | Reached skill level 6 in Fighting
  5444 | D:5      | Reached skill level 6 in Dodging
  5444 | D:5      | Reached skill level 10 in Unarmed Combat
  5444 | D:5      | Reached XP level 8. HP: 65/65 MP: 12/12
  5660 | D:5      | Reached XP level 9. HP: 57/71 MP: 9/13
  6142 | D:5      | Reached skill level 11 in Unarmed Combat
  6142 | D:5      | Reached skill level 2 in Ice Magic
  6790 | D:6      | Reached skill level 7 in Fighting
  7159 | D:6      | Reached skill level 5 in Transmutations
  7523 | D:7      | Found a staircase to the Ecumenical Temple.
  7532 | Temple   | Entered the Ecumenical Temple
  7558 | Temple   | Became a worshipper of Cheibriados the Contemplative
  8001 | D:7      | Reached skill level 1 in Invocations
  8274 | D:7      | Reached * piety under Cheibriados
  8290 | D:7      | Got a warped leather armour
  8301 | D:7      | Identified the +2 leather armour of the Abyss {MR+} (You found it on level 7 of the Dungeon)
  8677 | D:8      | Reached XP level 10. HP: 74/79 MP: 11/15
  8808 | D:8      | Reached skill level 3 in Ice Magic
  8826 | D:8      | Learned a level 5 spell: Blade Hands
  9196 | D:8      | Reached skill level 7 in Dodging
  9197 | D:8      | Reached skill level 2 in Invocations
  9333 | D:9      | Noticed a death yak
  9333 | D:9      | Noticed a death yak
  9350 | D:9      | Reached ** piety under Cheibriados
  9421 | D:9      | Noticed a death yak
  9421 | D:9      | Noticed a death yak
  9421 | D:9      | Noticed a death yak
  9443 | D:8      | Killed a death yak
  9455 | D:8      | Reached skill level 6 in Transmutations
  9595 | D:9      | Reached skill level 4 in Spellcasting
  9711 | D:9      | Found a staircase to the Lair.
  9739 | D:8      | Killed a death yak
  9739 | D:8      | Reached skill level 3 in Invocations
 10100 | D:8      | HP: 1/80 [death yak (23)]
 10103 | D:8      | Annihilated by a death yak

Vault maps used:
D:1:      kilobyte_arrival_exit_the_forest
D:2:      uniq_terence
D:3:      kennysheep_generic_room_10
D:4:      first_bread, uniq_duvessa
D:5:      gup_ossuary_entry_pyramid
D:7:      minmay_misc_feat_more_columns
D:9:      cheibrodos_grave_circle, dpeg_lair_monsters, uniq_pikel
Temple:   nicolae_temple_the_god_donut
Ossuary:  ossuary_tomb_1

Skill      XL: |  1  2  3  4  5  6  7  8  9 10 |
---------------+-------------------------------+-----
Unarmed Combat | 4 5 6 10 11 | 11.4
Poison Magic   | 1 2 |  2.0
Transmutations | 3 4 5 6 |  6.2
Spellcasting   | 3 4 |  4.0
Ice Magic      | 1 2 3 |  3.0
Fighting       | 6 7 |  7.8
Dodging        | 6 7 |  7.6
Invocations    | 1 3 |  3.2

Action                   |  1- 3 |  4- 6 |  7- 9 | 10-12 || total
-------------------------+-------+-------+-------+-------++-------
Melee: Unarmed           |   177 |   183 |   412 |   148 ||   920
       Headbutt          |     6 |       |       |       ||     6
       Kick              |     8 |     2 |       |       ||    10
       Punch             |     1 |     3 |     8 |     4 ||    16
       Dagger            |       |       |    92 |       ||    92
 Cast: Beastly Appendage |    22 |     8 |       |       ||    30
       Spider Form       |     1 |    12 |    35 |    10 ||    58
       Sticks to Snakes  |       |       |     5 |       ||     5
       Ice Form          |       |       |     2 |     2 ||     4
 Abil: End Transformatio |       |       |     2 |       ||     2
       Hop               |       |       |       |     3 ||     3
Evoke: Wand              |       |       |     1 |       ||     1
  Use: Scroll            |       |       |     6 |     3 ||     9
       Potion            |       |       |     2 |     1 ||     3
 Stab: Sleeping          |     4 |     2 |       |       ||     6
  Eat: Chunk             |     4 |    10 |    19 |     2 ||    35
       Pizza             |       |       |     2 |     1 ||     3
       Beef jerky        |       |       |     1 |       ||     1
Armor: Robe              |    47 |    27 |    28 |       ||   102
       Skin              |       |     3 |    18 |     8 ||    29
       Leather armour    |       |       |     4 |    10 ||    14
Dodge: Dodged            |   147 |   109 |   379 |   120 ||   755
